EVO
UNIVERSITY OF CALIFORNIA GOLDEN BEARS @ WICHITA STATE UNIVERSITY SHOCKERS
07/20/2049
 
TOP OF THE 1ST
University of California Golden Bears batting - Pitching for Pennsylvania State University Nittany Lions : RHP Erik Skipper
Pitching: RHP Erik Skipper
Batting: LHB Luis Orellana 0-0: Foul Ball, location: 2F
0-1: Bunted foul
0-2: Foul Ball, location: 2F
0-2: Ground out 6-3 (Groundball, 6, EV 106.2 MPH)
Batting: RHB Tim Spence 0-0: Called Strike
0-1: Foul Ball, location: 2F
0-2: Ball
1-2: Strikes out swinging
Batting: LHB Carlos Gaona 0-0: Ball
1-0: Ball
2-0: Foul Ball, location: 2F
2-1: Ball
3-1: Called Strike
3-2: DOUBLE (Line Drive, 78M, EV 90.0 MPH)
Batting: RHB Ken Hahn 0-0: Ball
1-0: Foul Ball, location: 2F
1-1: Ball
2-1: Ball
3-1: Called Strike
3-2: Base on Balls
Batting: SHB Nick Jansen 0-0: Ball
1-0: Foul Ball, location: 2F
1-1: Ball
2-1: Foul Ball, location: 2F
2-2: Foul Ball, location: 2F
2-2: Fly out, F8 (Flyball, 8LD, EV 85.6 MPH)
Top of the 1st over - 0 runs, 1 hit, 0 errors, 2 left on base; University of California 0 - Pennsylvania State University 0
BOTTOM OF THE 1ST
Pennsylvania State University Nittany Lions batting - Pitching for University of California Golden Bears : RHP Arthur Adams
Pitching: RHP Arthur Adams
Batting: RHB Pete Martin 0-0: Ball
1-0: Foul Ball, location: 2F
1-1: Ball
2-1: Ground out 4-3 (Groundball, 4, EV 103.8 MPH)
Batting: RHB Jesse Bandt 0-0: Swinging Strike
0-1: DOUBLE (Line Drive, 9LM, EV 104.4 MPH)
Batting: RHB Josh Ebeling 0-0: Ball
1-0: Ball
2-0: Foul Ball, location: 2F
2-1: Called Strike
2-2: Strikes out looking
Batting: RHB Rob Hinojosa 0-0: Called Strike
0-1: SINGLE (Flyball, 6D, EV 92.5 MPH)
Jesse Bandt to third
Runner from 3rd tries for Home, SAFE, throw by LF to home
Batting: RHB Joe Strachan 0-0: Called Strike
0-1: Ball
1-1: Ball
2-1: Swinging Strike
2-2: Fielders Choice at 2nd, 6-4 (Groundball, 6, EV 82.5 MPH)
Bottom of the 1st over - 1 run, 2 hits, 0 errors, 1 left on base; University of California 0 - Pennsylvania State University 1
TOP OF THE 2ND
University of California Golden Bears batting - Pitching for Pennsylvania State University Nittany Lions : RHP Erik Skipper
Batting: RHB Juan Debayle 0-0: Ball
1-0: Ball
2-0: SINGLE (Line Drive, 9S, EV 93.1 MPH)
Batting: RHB Mike Wilson 0-0: Ball
1-0: Foul Ball, location: 2F
1-1: Ball
2-1: Ball
3-1: Foul Ball, location: 2F
3-2: Base on Balls
Juan Debayle to second
Batting: LHB Jonathan Sosa 0-0: DOUBLE (Line Drive, 9LD, EV 101.2 MPH)
Juan Debayle scores
Mike Wilson to third
Batting: RHB Bill Gallardo 0-0: Fly out, F7 (Line Drive, 7S, EV 105.0 MPH)
Batting: LHB Luis Orellana 0-0: Fly out, F7 (Line Drive, 7, EV 105.6 MPH)
Runner from 3rd tags up, SCORES, throw by LF
Batting: RHB Tim Spence 0-0: SINGLE (Line Drive, 6D, EV 95.0 MPH)
Jonathan Sosa to third
Runner from 3rd tries for Home, SAFE, throw by CF to home
Batting: LHB Carlos Gaona 0-0: Foul Ball, location: 2F
0-1: Ball
1-1: Fly out, F6 (Popup, 6MS, EV 65.0 MPH)
Top of the 2nd over - 3 runs, 3 hits, 0 errors, 1 left on base; University of California 3 - Pennsylvania State University 1
BOTTOM OF THE 2ND
Pennsylvania State University Nittany Lions batting - Pitching for University of California Golden Bears : RHP Arthur Adams
Batting: RHB Victor Victorino 0-0: Fly out, F7 (Flyball, 7S, EV 88.1 MPH)
Batting: RHB Guy Jock 0-0: Called Strike
0-1: Ground out 6-3 (Groundball, 6, EV 93.8 MPH)
Batting: RHB Perry Brantley 0-0: Swinging Strike
0-1: Foul Ball, location: 2F
0-2: Foul Ball, location: 2F
0-2: Strikes out swinging
Bottom of the 2nd over - 0 runs, 0 hits, 0 errors, 0 left on base; University of California 3 - Pennsylvania State University 1
TOP OF THE 3RD
University of California Golden Bears batting - Pitching for Pennsylvania State University Nittany Lions : RHP Erik Skipper
Batting: RHB Ken Hahn 0-0: Ball
1-0: Ball
2-0: Ball
3-0: Called Strike
3-1: Base on Balls
Batting: SHB Nick Jansen 0-0: Called Strike
0-1: Ball
1-1: Fly out, F6 (Flyball, 56D, EV 90.6 MPH)
Batting: RHB Juan Debayle 0-0: Called Strike
0-1: Fly out, F8 (Flyball, 8RD, EV 96.2 MPH)
Batting: RHB Mike Wilson 0-0: Ball
1-0: Fly out, F5 (Popup, 56, EV 62.5 MPH)
Top of the 3rd over - 0 runs, 0 hits, 0 errors, 1 left on base; University of California 3 - Pennsylvania State University 1
BOTTOM OF THE 3RD
Pennsylvania State University Nittany Lions batting - Pitching for University of California Golden Bears : RHP Arthur Adams
Batting: RHB Neal Fleury 0-0: Called Strike
0-1: Called Strike
0-2: Ball
1-2: Strikes out swinging
Batting: RHB Pete Martin 0-0: Called Strike
0-1: Ball
1-1: Ball
2-1: Ball
3-1: Base on Balls
Batting: RHB Jesse Bandt 0-0: Fly out, F9 (Flyball, 89M, EV 78.8 MPH)
Batting: RHB Josh Ebeling 0-0: Ball
Pete Martin is caught stealing 2nd base 2-4
Bottom of the 3rd over - 0 runs, 0 hits, 0 errors, 0 left on base; University of California 3 - Pennsylvania State University 1
TOP OF THE 4TH
University of California Golden Bears batting - Pitching for Pennsylvania State University Nittany Lions : RHP Erik Skipper
Pitching: RHP Alex Almonte
Batting: LHB Jonathan Sosa 0-0: Ball
1-0: Foul Ball, location: 2F
1-1: Foul Ball, location: 2F
1-2: Ball
2-2: Foul Ball, location: 2F
2-2: Foul Ball, location: 2F
2-2: Ground out 4-3 (Groundball, 4, EV 105.6 MPH)
Batting: RHB Bill Gallardo 0-0: Ground out 6-3 (Groundball, 56, EV 103.8 MPH)
Batting: LHB Luis Orellana 0-0: Foul Ball, location: 2F
0-1: Called Strike
0-2: Ball
1-2: Foul Ball, location: 2F
1-2: Foul Ball, location: 2F
1-2: Foul Ball, location: 2F
1-2: Ball
2-2: Foul Ball, location: 2F
2-2: Ball
3-2: Foul Ball, location: 2F
3-2: SINGLE (Flyball, 78S, EV 94.4 MPH)
Batting: RHB Tim Spence 0-0: Called Strike
Luis Orellana steals 2nd base
0-1: Ball
1-1: Ball
2-1: Fly out, F7 (Flyball, 7, EV 90.0 MPH)
Top of the 4th over - 0 runs, 1 hit, 0 errors, 1 left on base; University of California 3 - Pennsylvania State University 1
BOTTOM OF THE 4TH
Pennsylvania State University Nittany Lions batting - Pitching for University of California Golden Bears : RHP Arthur Adams
Batting: RHB Josh Ebeling 0-0: Foul Ball, location: 2F
0-1: Foul Ball, location: 2F
0-2: Ground out 6-3 (Groundball, 6, EV 81.9 MPH)
Batting: RHB Rob Hinojosa 0-0: Called Strike
0-1: Ground out 5-3 (Groundball, 56S, EV 80.6 MPH)
Batting: RHB Joe Strachan 0-0: Reached on error, E6 (Groundball, 6, EV 88.1 MPH)
Batting: RHB Victor Victorino 0-0: Fly out, F8 (Flyball, 8RD, EV 89.4 MPH)
Bottom of the 4th over - 0 runs, 0 hits, 1 error, 1 left on base; University of California 3 - Pennsylvania State University 1
TOP OF THE 5TH
University of California Golden Bears batting - Pitching for Pennsylvania State University Nittany Lions : RHP Alex Almonte
Now at 3B: Kevin Claus
Now in LF: Miguel Quizhpi
Batting: LHB Carlos Gaona 0-0: Ball
1-0: Swinging Strike
1-1: Swinging Strike
1-2: Ball
2-2: Strikes out swinging
Batting: RHB Ken Hahn 0-0: Called Strike
0-1: Ball
1-1: Ball
2-1: Ball
3-1: Base on Balls
Pitching: RHP Andy Horn
Pinch Hitting: RHB Nate Mahon 0-0: Called Strike
0-1: Ball
1-1: Fly out, F8 (Flyball, 78D, EV 86.9 MPH)
Batting: RHB Juan Debayle 0-0: Ball
1-0: Ball
2-0: Fielders Choice at 2nd, 5-4 (Groundball, 56, EV 101.9 MPH)
Top of the 5th over - 0 runs, 0 hits, 0 errors, 1 left on base; University of California 3 - Pennsylvania State University 1
BOTTOM OF THE 5TH
Pennsylvania State University Nittany Lions batting - Pitching for University of California Golden Bears : RHP Arthur Adams
Pitching: RHP Luis Rojas
Now in LF: Nate Mahon
Batting: RHB Guy Jock 0-0: Ground out 6-3 (Groundball, 6, EV 106.9 MPH)
Batting: RHB Perry Brantley 0-0: Ball
1-0: Called Strike
1-1: Ball
2-1: DOUBLE (Flyball, 78XD, EV 95.6 MPH)
Batting: RHB Neal Fleury 0-0: Foul Ball, location: 2F
0-1: DOUBLE (Line Drive, 9LM, EV 91.2 MPH)
Perry Brantley scores
Batting: RHB Kevin Claus 0-0: Called Strike
0-1: Ball
1-1: Ball
2-1: Foul Ball, location: 2F
2-2: Fly out, F8 (Flyball, 8RM, EV 90.6 MPH)
Batting: RHB Jesse Bandt 0-0: Foul Ball, location: 2F
0-1: Ball
1-1: Foul Ball, location: 2F
1-2: Strikes out swinging
Bottom of the 5th over - 1 run, 2 hits, 0 errors, 1 left on base; University of California 3 - Pennsylvania State University 2
TOP OF THE 6TH
University of California Golden Bears batting - Pitching for Pennsylvania State University Nittany Lions : RHP Andy Horn
Batting: RHB Mike Wilson 0-0: Called Strike
0-1: Ball
1-1: Ball
2-1: Ball
3-1: Foul Ball, location: 2F
3-2: Strikes out swinging
Batting: LHB Jonathan Sosa 0-0: Fly out, F8 (Flyball, 89M, EV 80.6 MPH)
Batting: RHB Bill Gallardo 0-0: Called Strike
0-1: Fly out, F8 (Flyball, 8RD, EV 84.4 MPH)
Top of the 6th over - 0 runs, 0 hits, 0 errors, 0 left on base; University of California 3 - Pennsylvania State University 2
BOTTOM OF THE 6TH
Pennsylvania State University Nittany Lions batting - Pitching for University of California Golden Bears : RHP Luis Rojas
Pitching: RHP Danny Rodriguez
Batting: RHB Josh Ebeling 0-0: Foul Ball, location: 2F
0-1: Ball
1-1: Foul Ball, location: 2F
1-2: Ball
2-2: Ball
3-2: Base on Balls
Batting: RHB Rob Hinojosa 0-0: Ball
1-0: Ball
2-0: Foul Ball, location: 2F
2-1: Swinging Strike
2-2: Ball
3-2: Fly out, F8 (Line Drive, 8LM, EV 101.9 MPH)
Pinch Hitting: RHB Francisco Velazquez 0-0: Swinging Strike
0-1: Foul Ball, location: 2F
0-2: Ball
1-2: Strikes out looking
Batting: LHB Miguel Quizhpi 0-0: Ball
1-0: Fly out, F9 (Flyball, 9S, EV 82.5 MPH)
Bottom of the 6th over - 0 runs, 0 hits, 0 errors, 1 left on base; University of California 3 - Pennsylvania State University 2
TOP OF THE 7TH
University of California Golden Bears batting - Pitching for Pennsylvania State University Nittany Lions : RHP Andy Horn
Pitching: RHP Jason Marko
Now at C: Pat Betancourt
Now at 2B: Francisco Velazquez
Batting: LHB Luis Orellana 0-0: Ground out U3 (Groundball, 34D, EV 103.8 MPH)
Batting: RHB Tim Spence 0-0: Fly out, F7 (Flyball, 7S, EV 76.9 MPH)
Batting: LHB Carlos Gaona 0-0: Called Strike
0-1: Fly out, F7 (Flyball, 7, EV 87.5 MPH)
Top of the 7th over - 0 runs, 0 hits, 0 errors, 0 left on base; University of California 3 - Pennsylvania State University 2
BOTTOM OF THE 7TH
Pennsylvania State University Nittany Lions batting - Pitching for University of California Golden Bears : RHP Danny Rodriguez
Pitching: RHP Steve Clothier
Batting: RHB Preki Nedic 0-0: Ball
1-0: Foul Ball, location: 2F
1-1: Swinging Strike
1-2: Foul Ball, location: 2F
1-2: SINGLE (Line Drive, 9S, EV 90.6 MPH)
Batting: RHB Perry Brantley 0-0: Sac Bunt to 15 - play at first, batter OUT! 1-3
Preki Nedic to second
Batting: RHB Pat Betancourt 0-0: Foul Ball, location: 2F
0-1: Ball
1-1: Ball
2-1: Called Strike
2-2: Foul Ball, location: 2F
2-2: Ground out 6-3 (Groundball, 56, EV 87.5 MPH)
Batting: RHB Kevin Claus 0-0: Foul Ball, location: 2F
0-1: Swinging Strike
0-2: Strikes out swinging
Bottom of the 7th over - 0 runs, 1 hit, 0 errors, 1 left on base; University of California 3 - Pennsylvania State University 2
TOP OF THE 8TH
University of California Golden Bears batting - Pitching for Pennsylvania State University Nittany Lions : RHP Jason Marko
Batting: RHB Ken Hahn 0-0: Called Strike
0-1: DOUBLE (Line Drive, 3D, EV 97.5 MPH)
Batting: RHB Nate Mahon 0-0: Foul Ball, location: 2F
0-1: Ball
1-1: Ball
2-1: Called Strike
2-2: Strikes out swinging
Batting: RHB Juan Debayle 0-0: Ball
1-0: Foul Ball, location: 2F
1-1: Called Strike
1-2: Ball
Wild Pitch!
Ken Hahn to third
2-2: Foul Ball, location: 2F
2-2: Ball
3-2: Foul Ball, location: 2F
3-2: Base on Balls
Batting: RHB Mike Wilson 0-0: Ball
Juan Debayle steals 2nd base
1-0: Called Strike
1-1: Swinging Strike
1-2: Ball
2-2: Strikes out swinging
Pitching: LHP Jeremy Bravo
Batting: LHB Jonathan Sosa 0-0: Called Strike
0-1: Ball
1-1: Ground out U3 (Groundball, 3L, EV 86.2 MPH)
Top of the 8th over - 0 runs, 1 hit, 0 errors, 2 left on base; University of California 3 - Pennsylvania State University 2
BOTTOM OF THE 8TH
Pennsylvania State University Nittany Lions batting - Pitching for University of California Golden Bears : RHP Steve Clothier
Pitching: LHP Dave Coleman
Pinch Hitting: RHB James Steinmetz 0-0: Called Strike
0-1: Ball
1-1: Called Strike
1-2: Strikes out swinging
Pitching: RHP Luis Lopez
Batting: RHB Josh Ebeling 0-0: Ball
1-0: Ball
2-0: Called Strike
2-1: Ball
3-1: Base on Balls
Batting: RHB Rob Hinojosa 0-0: Swinging Strike
0-1: Ball
1-1: Ball
2-1: Foul Ball, location: 2F
2-2: Ball
3-2: Base on Balls
Josh Ebeling to second
Batting: RHB Francisco Velazquez 0-0: Ball
1-0: Ball
2-0: Ball
3-0: Called Strike
3-1: SINGLE (Groundball, 6MS, EV 69.4 MPH) (infield hit)
Josh Ebeling to third
Rob Hinojosa to second
Pitching: LHP John van Asten
Batting: LHB Miguel Quizhpi 0-0: Ball
1-0: Called Strike
1-1: Ball
2-1: Foul Ball, location: 2F
2-2: Foul Ball, location: 2F
2-2: Strikes out swinging
Batting: RHB Preki Nedic 0-0: Fly out, F8 (Line Drive, 8RM, EV 93.8 MPH)
Bottom of the 8th over - 0 runs, 1 hit, 0 errors, 3 left on base; University of California 3 - Pennsylvania State University 2
TOP OF THE 9TH
University of California Golden Bears batting - Pitching for Pennsylvania State University Nittany Lions : LHP Jeremy Bravo
Pitching: LHP J.P. Wolfgang
Now at SS: James Steinmetz
Batting: RHB Bill Gallardo 0-0: Foul Ball, location: 2F
0-1: Ball
1-1: Ball
2-1: Ground out U3 (Groundball, 23, EV 94.4 MPH)
Batting: LHB Luis Orellana 0-0: Called Strike
0-1: Foul Ball, location: 2F
0-2: Ball
1-2: Ball
2-2: Foul Ball, location: 2F
2-2: Foul Ball, location: 2F
2-2: Ball
3-2: SINGLE (Groundball, 4MD, EV 100.6 MPH) (infield hit)
Batting: RHB Tim Spence 0-0: Ground out 5-3 (Groundball, 56S, EV 71.2 MPH)
Luis Orellana to second
Batting: LHB Carlos Gaona 0-0: Ball
1-0: Ball
2-0: Ball
3-0: Base on Balls
Pitching: LHP John McDonald
Batting: RHB Ken Hahn 0-0: Ball
1-0: Fly out, F8 (Flyball, 8LXD, EV 94.4 MPH)
Top of the 9th over - 0 runs, 1 hit, 0 errors, 2 left on base; University of California 3 - Pennsylvania State University 2
BOTTOM OF THE 9TH
Pennsylvania State University Nittany Lions batting - Pitching for University of California Golden Bears : LHP John van Asten
Batting: RHB Perry Brantley 0-0: Ball
1-0: Fly out, F9 (Flyball, 89M, EV 76.2 MPH)
Pinch Hitting: RHB Zachary Roberts 0-0: Swinging Strike
0-1: Called Strike
0-2: Ball
1-2: Fly out, F9 (Line Drive, 9, EV 95.0 MPH)
Batting: RHB Kevin Claus 0-0: Called Strike
0-1: Ball
1-1: Foul Ball, location: 2F
1-2: Strikes out swinging
Bottom of the 9th over - 0 runs, 0 hits, 0 errors, 0 left on base; University of California 3 - Pennsylvania State University 2
Sunday, July 16th , 2023 - OOTP Baseball 24.6 Build 69